 Dungeon Crawl Stone Soup version 0.22.1-1-ga44c0e5 (webtiles) character file.

6384 teukkam the Fighter (level 10, -5/136 HPs)
             Began as a Minotaur Berserker on Oct 5, 2018.
             Was a High Priest of Trog.
             Killed from afar by MordorOrchid's ghost (17 damage)
             ... with a shard of ice
             ... on level 9 of the Dungeon on Oct 10, 2018.
             The game lasted 00:40:17 (8294 turns).

teukkam the Fighter (Minotaur Berserker)            Turns: 8294, Time: 00:40:18

Health: -5/136     AC: 11    Str: 28 (29) XL:     10   Next: 65%
Magic:  9/9        EV: 16    Int:  5      God:    Trog [*****.]
Gold:   304        SH:  0    Dex: 11 (12) Spells: 9/9 levels left

rFire    . . .     SeeInvis .   a - +1 war axe (flame)
rCold    + . .     Gourm    .   (no shield)
rNeg     . . .     Faith    +   i - +2 leather armour {MR+}
rPois    +         Spirit   .   (helmet restricted)
rElec    +         Reflect  .   N - +2 cloak {MR+}
rCorr    .         Harm     .   G - +0 pair of gloves
MR       ++...                  (no boots)
Stlth    ..........             L - amulet of faith
HPRegen  0.32/turn              h - ring of protection from cold
MPRegen  0.11/turn              y - ring of stealth

@: berserking, flying, very quick
A: retaliatory headbutt, hooves 1, horns 2, agile 1, deterioration 1, poison
resistance, electricity resistance, wild magic 1
a: Berserk, Trog's Hand, Brothers in Arms, Renounce Religion


You were on level 9 of the Dungeon.
You worshipped Trog.
Trog was extremely pleased with you.
You were hungry.

You visited 1 branch of the dungeon, and saw 9 of its levels.

You collected 437 gold pieces.
You spent 133 gold pieces at shops.

Inventory:

Hand Weapons
 a - a +1 war axe of flaming (weapon)
 b - a +2 shortbow of flaming
 B - a +1 hand axe
 F - a +2 whip of freezing
 H - a cursed -3 short sword
 I - a +0 lajatang
 M - a +3 quarterstaff of chaos
Missiles
 x - 78 bolts
 A - 286 stones (quivered)
 C - 148 arrows
Armour
 i - a +2 leather armour of magic resistance (worn)
 t - a +0 large shield
 G - a +0 pair of gloves (worn)
 J - a +0 buckler of protection
 N - a +2 cloak of magic resistance (worn)
Jewellery
 e - an uncursed amulet of regeneration
 h - a ring of protection from cold (left hand)
 y - a ring of stealth (right hand)
 z - an uncursed amulet of guardian spirit
 L - an amulet of faith (around neck)
 O - a +2 ring of intelligence
Wands
 p - a wand of iceblast (24)
 v - a wand of paralysis (15)
 w - a wand of scattershot (5)
Scrolls
 f - a scroll of random uselessness {unknown}
 g - 2 scrolls of magic mapping
 o - 10 scrolls of identify
 q - 2 scrolls of blinking
 r - a scroll of fog {unknown}
 u - 4 scrolls of fear {unknown}
 D - 3 scrolls of teleportation {unknown}
 K - a scroll of acquirement {unknown}
 Q - a scroll of brand weapon {unknown}
Potions
 d - 3 potions of degeneration
 j - 3 potions of cancellation
 k - 2 potions of might
 l - a potion of brilliance
 n - 4 potions of heal wounds
 s - 3 potions of agility
Comestibles
 c - 12 rations
 P - a chunk of flesh


   Skills:
 + Level 9.4 Fighting
 + Level 9.3 Axes
 + Level 4.5 Staves
 + Level 6.0 Bows
 + Level 9.0 Armour
 + Level 8.2 Dodging
 - Level 3.1 Shields


You had 9 spell levels left.
You didn't know any spells.
Your spell library contained the following spells:

 Spells                   Type           Power        Failure   Level  Hunger
 Animate Skeleton         Necr           N/A          61%         1    ##.....
 Apportation              Tloc           #.....       61%         1    ##.....
 Confusing Touch          Hex            #.....       61%         1    ##.....
 Summon Small Mammal      Summ           #...         61%         1    ##.....
 Confuse                  Hex            #.......     91%         3    ####...
 Gell's Gravitas          Tloc           #.........   91%         3    ####...
 Petrify                  Tmut/Erth      #.......     100%        4    #####..
 Metabolic Englaciation   Hex/Ice        #.........   100%        5    ######.
 Yara's Violent Unravell  Hex/Tmut       #.........   100%        5    ######.


Dungeon Overview and Level Annotations

Branches:
Dungeon (9/15)             Temple (0/1) D:7            Lair (0/6) D:9
    Orc (0/2) D:9

Altars:
Cheibriados
Elyvilon
Fedhas
Hepliaklqana
Nemelex Xobeh
Okawaru
Wu Jian
Xom
Yredelemnul
Zin
The Shining One

Shops:
D:4 *   D:5 (   D:9 =

Annotations:
D:9 MordorOrchid's ghost, journeyman OpVM


Innate Abilities, Weirdness & Mutations

You reflexively headbutt those who attack you in melee.
You have a pair of horns on your head.
You have large cloven feet.
You are agile. (Dex +2)
Your body sometimes deteriorates upon taking damage.
Your system is resistant to poisons. (rPois)
You are resistant to electric shocks. (rElec)
Your spells are a little harder to cast, but a little more powerful.


Message History

MordorOrchid's ghost is moderately damaged.
MordorOrchid's ghost barely misses you.
You closely miss MordorOrchid's ghost.
Your headbutt misses MordorOrchid's ghost.
MordorOrchid's ghost is moderately damaged.
MordorOrchid's ghost hits you!!
* * * LOW HITPOINT WARNING * * *
x2 You closely miss MordorOrchid's ghost.
Your headbutt misses MordorOrchid's ghost.
MordorOrchid's ghost is lightly damaged.
You slash MordorOrchid's ghost! You burn MordorOrchid's ghost.
Your kick misses MordorOrchid's ghost.
Your headbutt misses MordorOrchid's ghost.
MordorOrchid's ghost is heavily damaged.
MordorOrchid's ghost barely misses you.
You miss MordorOrchid's ghost. You kick MordorOrchid's ghost!
MordorOrchid's ghost is severely damaged.
MordorOrchid's ghost stares at you and mumbles some strange words.
The shard of ice hits you! You partially resist.
You die...

####### #......
.......#......
#####.......#......
#.."#..<....+......
#%?%#.......#......
#%}.#.......#......
##W##.......##†####
#.@...........†....
##.#............<..
#.................
###...............
#...............
#...............
#...............
####'#####'#......
#.....#....#......


You could see MordorOrchid's ghost.

Vanquished Creatures
  Pikel (D:8)
  A queen bee (D:8)
  A hippogriff (D:9)
  4 yaks (D:9)
  A hungry ghost (D:7)
  2 wargs (D:9)
  3 orc warriors
  A water moccasin (D:8)
  2 black bears (D:6)
  2 sky beasts (D:9)
  An eye of draining (shapeshifter) (D:9)
  A necrophage (D:7)
  A phantom (D:9)
  A slave (D:8)
  4 ogres
  2 big kobolds
  4 centaurs
  Blork the orc (D:5)
  2 bullfrogs
  A water moccasin skeleton (D:6)
  3 scorpions
  16 killer bees
  5 howler monkeys
  A bullfrog zombie (D:5)
  A centaur zombie (D:9)
  A quasit (D:9)
  2 crimson imps (D:8)
  Crazy Yiuf (D:8)
  6 hounds
  6 orc wizards
  A bullfrog skeleton (D:9)
  5 orc priests
  2 centaur skeletons
  Ijyb (D:4)
  A gnoll shaman (D:7)
  5 iguanas
  Natasha (thrice) (D:2)
  7 worker ants
  Terence (D:3)
  Robin (D:3)
  9 adders
  8 gnolls
  3 worms
  2 dart slugs (D:1)
  6 leopard geckos
  20 orcs
  A bat (D:3)
  4 giant cockroaches
  13 goblins
  10 hobgoblins
  3 jackals
  7 kobolds
  4 quokkas
  A ball python (D:5)
  5 frilled lizards
  2 leopard gecko skeletons
  4 rats
207 creatures vanquished.

Vanquished Creatures (others)
  An orc wizard (D:4)
  A quokka (D:5)
2 creatures vanquished.

Grand Total: 209 creatures vanquished

Notes
Turn   | Place    | Note
-------+----------+-------------------------------------------
     0 | D:1      | teukkam the Minotaur Berserker began the quest for the Orb.
     0 | D:1      | Reached XP level 1. HP: 19/19 MP: 0/0
   411 | D:1      | Found a snail-covered altar of Cheibriados.
   459 | D:1      | Reached XP level 2. HP: 25/27 MP: 1/1
   782 | D:2      | Noticed Natasha
   784 | D:2      | Noticed a crimson imp
   790 | D:2      | Killed Natasha
   790 | D:2      | Reached XP level 3. HP: 33/33 MP: 2/2
  1073 | D:2      | Found a shimmering altar of Xom.
  1075 | D:2      | Found a glowing silver altar of Zin.
  1075 | D:2      | Found a glowing golden altar of the Shining One.
  1077 | D:2      | Found an ornate altar of the Wu Jian Council.
  1077 | D:2      | Found a basalt altar of Yredelemnul.
  1077 | D:2      | Found an iron altar of Okawaru.
  1171 | D:2      | Noticed Natasha
  1179 | D:2      | Killed Natasha
  1179 | D:2      | Reached XP level 4. HP: 21/41 MP: 3/3
  1232 | D:2      | Reached ** piety under Trog
  1413 | D:2      | Noticed Natasha
  1419 | D:2      | Killed Natasha
  1682 | D:3      | Noticed Terence
  1690 | D:3      | Killed Terence
  1690 | D:3      | Reached XP level 5. HP: 47/47 MP: 4/4
  1792 | D:3      | Found a sparkling altar of Nemelex Xobeh.
  2208 | D:3      | Noticed Robin
  2215 | D:3      | Killed Robin
  2217 | D:3      | Reached skill level 5 in Fighting
  2284 | D:3      | Reached skill level 5 in Axes
  2601 | D:4      | Noticed Ijyb
  2609 | D:4      | Killed Ijyb
  2634 | D:4      | Reached XP level 6. HP: 56/56 MP: 5/5
  2721 | D:4      | Reached skill level 1 in Shields
  2778 | D:4      | Found Bourazea's General Store.
  2852 | D:4      | Found a hazy altar of Hepliaklqana.
  2919 | D:4      | Reached *** piety under Trog
  2965 | D:4      | Reached XP level 7. HP: 56/61 MP: 6/6
  3225 | D:5      | Entered Level 5 of the Dungeon
  3225 | D:5      | Noticed Blork the orc
  3232 | D:5      | Killed Blork the orc
  3232 | D:5      | Reached skill level 5 in Armour
  3599 | D:5      | Found a white marble altar of Elyvilon.
  3743 | D:5      | Found a runed door.
  3747 | D:5      | Noticed Crazy Yiuf
  3856 | D:5      | Found Xixos's Weapon Boutique.
  3865 | D:5      | Bought a +1 war axe of flaming for 133 gold pieces
  3958 | D:6      | Reached skill level 5 in Dodging
  4600 | D:6      | Reached XP level 8. HP: 65/71 MP: 7/7
  4800 | D:6      | Reached skill level 1 in Bows
  4837 | D:6      | Found a blossoming altar of Fedhas.
  5411 | D:6      | Found a glowing golden altar of the Shining One.
  5455 | D:7      | Found a staircase to the Ecumenical Temple.
  5482 | D:7      | Reached **** piety under Trog
  5484 | D:7      | Reached XP level 9. HP: 60/79 MP: 8/8
  5573 | D:7      | Found a snail-covered altar of Cheibriados.
  5574 | D:7      | Found a glowing silver altar of Zin.
  6426 | D:8      | Killed Crazy Yiuf
  6470 | D:8      | Reached skill level 1 in Staves
  6475 | D:8      | Noticed a queen bee
  6485 | D:8      | Killed a queen bee
  6833 | D:8      | Got a crude mace
  6834 | D:8      | Identified the cursed +2 mace of Mourning {antimagic,
                  | Fragile rElec rN+++ Dex-5} (You found it on level 8 of the
                  | Dungeon)
  6921 | D:8      | Received a gift from Trog
  6923 | D:8      | Noticed Pikel
  6932 | D:8      | Killed Pikel
  6932 | D:8      | Reached skill level 5 in Bows
  6932 | D:8      | Reached XP level 10. HP: 89/90 MP: 9/9
  7799 | D:9      | Found a staircase to the Orcish Mines.
  7938 | D:9      | Found a staircase to the Lair.
  7954 | D:9      | Gained mutation: You expend magic power (3 MP) to
                  | strengthen your wands. [potion of mutation]
  7954 | D:9      | Gained mutation: You are clumsy. (Dex -2) [potion of
                  | mutation]
  7954 | D:9      | Gained mutation: Your body sometimes deteriorates upon
                  | taking damage. [potion of mutation]
  7954 | D:9      | Gained mutation: Your spells are a little harder to cast,
                  | but a little more powerful. [potion of mutation]
  7956 | D:9      | Reached ***** piety under Trog
  7961 | D:9      | HP: 2/136 [orc warrior/glaive (15)]
  8241 | D:9      | Found Doesk's Jewellery Shoppe.
  8272 | D:9      | Noticed MordorOrchid's ghost (journeyman OpVM)
  8274 | D:9      | Found a runed door.
  8283 | D:9      | Lost mutation: You are clumsy. (Dex -2) [potion of
                  | mutation]
  8283 | D:9      | Lost mutation: You expend magic power (3 MP) to strengthen
                  | your wands. [potion of mutation]
  8283 | D:9      | Gained mutation: You have large cloven feet. [potion of
                  | mutation]
  8283 | D:9      | Gained mutation: Your system is resistant to poisons.
                  | (rPois) [potion of mutation]
  8283 | D:9      | Gained mutation: You expend magic power (3 MP) to
                  | strengthen your wands. [potion of mutation]
  8284 | D:9      | Lost mutation: Your body sometimes deteriorates upon taking
                  | damage. [potion of mutation]
  8284 | D:9      | Lost mutation: You expend magic power (3 MP) to strengthen
                  | your wands. [potion of mutation]
  8284 | D:9      | Gained mutation: You are agile. (Dex +2) [potion of
                  | mutation]
  8284 | D:9      | Gained mutation: Your body sometimes deteriorates upon
                  | taking damage. [potion of mutation]
  8284 | D:9      | Gained mutation: You are resistant to electric shocks.
                  | (rElec) [potion of mutation]
  8294 | D:9      | Killed from afar by MordorOrchid's ghost

Skill      XL: |  1  2  3  4  5  6  7  8  9 10 |
---------------+-------------------------------+-----
Fighting       | 4 5 6 7 8 9 |  9.4
Axes           | 4 5 6 7 8 9 |  9.3
Armour         | 3 4 5 6 8 9 |  9.0
Dodging        | 3 4 5 6 7 8 |  8.2
Shields        | 2 3 |  3.1
Bows           | 3 5 6 |  6.0
Staves         | 2 4 |  4.5

Action                   |  1- 3 |  4- 6 |  7- 9 | 10-12 || total
-------------------------+-------+-------+-------+-------++-------
Melee: Hand axe          |    47 |   147 |    55 |       ||   249
       Headbutt          |     8 |    25 |    32 |    15 ||    80
       Short sword       |       |     3 |       |       ||     3
       War axe           |       |       |   139 |    82 ||   221
       Kick              |       |       |       |     2 ||     2
 Fire: Shortbow          |       |       |    70 |    50 ||   120
Invok: Berserk           |     1 |     2 |     5 |     3 ||    11
  Use: Scroll            |       |     9 |     2 |       ||    11
       Potion            |       |     2 |     1 |     6 ||     9
 Stab: Sleeping          |       |       |     3 |     1 ||     4
  Eat: Chunk             |     2 |     8 |     8 |     4 ||    22
       Ration            |       |       |     4 |       ||     4
Armor: Leather armour    |     7 |    22 |    58 |    22 ||   109
       Animal skin       |     1 |       |       |       ||     1
Dodge: Dodged            |    28 |    42 |   147 |    73 ||   290
Block: Large shield      |       |    75 |    37 |       ||   112
